 Dungeon Crawl Stone Soup version 0.30.0-17-ge0270778cf (webtiles) character file.

Game seed: 3539941117877043486

56 tizbic2 the Cutter (level 3, 0/34 HPs)
             Began as a Naga Berserker on May 21, 2023.
             Was a Follower of Trog.
             Slain by Sigmund
             ... wielding a +0 scythe of freezing
              (1 damage)
             ... on level 2 of the Dungeon.
             The game lasted 00:06:43 (1662 turns).

tizbic2 the Cutter (Naga Berserker)                 Turns: 1662, Time: 00:06:44

Health: 0/34       AC:  3    Str: 19    XL:     3   Next: 97%
Magic:  1/1        EV: 10    Int:  7    God:    Trog [*.....]
Gold:   66         SH:  0    Dex: 16    Spells: 2/2 levels left

rFire   x . .        a - +10 mace "Dauthist" {antimagic, rElec rF- rC+ Dex+4}
rCold   + . .        (no shield)
rNeg    . . .        b - +0 animal skin
rPois   +            h - +0 helmet
rElec   +            (no cloak)
rCorr   .            (no gloves)
SInv    +            (no barding)
Will    .....        (no amulet)
Stlth   ++           (no ring)
HPRegen 0.25/turn    (no ring)
MPRegen 0.07/turn

%: no passive effects
@: very slow
A: AC +1, large, see invisible, deformed body, poison resistance, slowness 2,
spit poison 1, naga tail 1
a: Spit Poison, Renounce Religion, Berserk


You were on level 2 of the Dungeon.
You worshipped Trog.
Trog was aware of your devotion.
You visited 1 branch of the dungeon, and saw 2 of its levels.

You collected 66 gold pieces.

Inventory:

Hand Weapons
 a - the +10 mace "Dauthist" (weapon) {antimagic, rElec rF- rC+ Dex+4}
   (You found it on level 2 of the Dungeon)

   Dex:       It affects your dexterity (+4).
   rF:        It makes you vulnerable to fire.
   rC:        It protects you from cold.
   rElec:     It insulates you from electricity.
 e - a +0 hand axe
 w - a +0 dagger of holy wrath
Armour
 b - a +0 animal skin (worn)
 h - a +0 helmet (worn)
Scrolls
 g - a scroll of identify {unknown}
 i - a scroll of silence {unknown}
Potions
 c - 3 potions of curing
 d - 2 potions of magic {unknown}
 f - a potion of heal wounds {unknown}


   Skills:
 + Level 3.3 Fighting
 + Level 3.7 Short Blades
 * Level 0.0 Maces & Flails
 - Level 1.5 Armour
 - Level 1.5 Dodging
 * Level 3.4 Stealth


You had 2 spell levels left.
You didn't know any spells.
Your spell library was empty.

Dungeon Overview and Level Annotations

Branches:
Dungeon (2/15)

Altars:

Annotations:
D:2 Sigmund


Innate Abilities, Weirdness & Mutations

Your serpentine skin is tough. (AC +1)
You have supernaturally acute eyesight. (SInv)
Armour fits poorly on your strangely shaped body.
Your system is resistant to poisons. (rPois)
You cover ground very slowly.
You can spit poison.
You have a snake-like lower body.


Message History

Found a stone staircase leading down.
f - a dark potion A rat comes into view.
The helpless rat fails to defend itself.
You impale the rat!!
You kill the rat!
Trog accepts your kill.
You see here a rat corpse.
i - a scroll labelled MOLAYFIYPT
Found a stone staircase leading up.
Sigmund the Dreaded comes into view.
He is wielding a +0 scythe of freezing and carrying a wand of flame (22).
Sigmund gestures at you while chanting. The puff of flame hits you!
Aiming: Spit Poison (2% risk of failure)
Press: ? - help, Shift-Dir - straight line, f - you
Okay, then.
Sigmund zaps a wand.
The puff of flame hits you!
Aiming: Spit Poison (2% risk of failure)
Press: ? - help, Shift-Dir - straight line, f - Sigmund
Aim: Sigmund, wielding a +0 scythe of freezing, wearing a +0 robe and carrying a wand of flame (21) (54% to hit)
The splash of poison hits Sigmund!
Sigmund is poisoned.
Sigmund is moderately wounded.
Sigmund casts a spell.
Sigmund flickers and vanishes for a moment.
It was a potion of curing.
You feel better.
Your +0 dagger of holy wrath stops glowing.
You feel agile.
You feel magic leave you.
a - the +10 mace "Dauthist" (weapon)
{antimagic, rElec rF- rC+ Dex+4} You hit Sigmund.
Sigmund's magic leaks into the air.
Sigmund is heavily wounded.
Sigmund looks more healthy.
Sigmund's magic is no longer disrupted.
Sigmund hits you with a +0 scythe of freezing!
You hit Sigmund.
Sigmund's magic leaks into the air.
Sigmund is severely wounded.
You have got your breath back.
Sigmund hits you with a +0 scythe of freezing!
* * * LOW HITPOINT WARNING * * *
Sigmund freezes you.
You die...

########## . #........#
.. #........#..#
#...........# ####
##.........# ...#
#.##.@.##.# ...#
#.#.@#...... ...#######
#.#.##.<.... .........#
##.#.# .@...
.........###....## .....
.#...............# ....
.##......###..##........
.##......# #...#.##..
.#..##.### #...# # .
...###... ....#


You could see Sigmund (invisible, magic disrupted).

Vanquished Creatures
  Robin (D:2)
  A dart slug (D:1)
  3 endoplasms
  7 goblins (D:2)
  13 hobgoblins
  4 quokkas
  A ball python (D:1)
  2 bats (D:1)
  3 kobolds
  2 rats (D:2)
37 creatures vanquished.

Notes
Turn   | Place    | Note
-------+----------+-------------------------------------------
     0 | D:1      | tizbic2 the Naga Berserker began the quest for the Orb.
     0 | D:1      | Reached XP level 1. HP: 21/21 MP: 1/1
   188 | D:1      | Reached skill level 1 in Stealth
   343 | D:1      | Reached XP level 2. HP: 21/28 MP: 2/2
   739 | D:1      | Found a faded altar of an unknown god.
  1303 | D:2      | Reached XP level 3. HP: 25/34 MP: 3/3
  1360 | D:2      | Noticed Robin
  1378 | D:2      | Killed Robin
  1509 | D:2      | Identified the +10 mace "Dauthist" {antimagic, rElec rF-
                  | rC+ Dex+4}
  1654 | D:2      | Noticed Sigmund
  1662 | D:2      | HP: 1/34 [Sigmund/+0 scythe of freezing (10)]
  1662 | D:2      | Slain by Sigmund

Illustrated notes

Levels and vault maps discovered:
D:1:      co_arrival_two_rings, layout_loops_corners,
          shapermc_ecumenical_altar_hornbeckon
D:2:      layout_rooms, uniq_robin, uniq_sigmund

Skill      XL: |  1  2  3 |
---------------+----------+-----
Stealth        | 1 2 3 |  3.4
Fighting       | |  3.3
Short Blades   | |  3.7
Armour         | |  1.5
Dodging        | |  1.5

Action                     || total
---------------------------++-------
  Melee: Short sword       ||    31
         Hand axe          ||    31
         Dagger            ||    21
         Mace              ||     4
 Invoke: Berserk           ||     2
Ability: Spit Poison       ||    16
    Use: Scroll            ||     3
         Potion            ||     1
   Stab: Sleeping          ||     2
         Distracted        ||     1
 Armour: Animal skin       ||    15
  Dodge: Dodged            ||    48
